 Dungeon Crawl Stone Soup version 0.24.1 (webtiles) character file.

Game seed: 10785566711379607689, levelgen mode: deterministic

5122 H0rd4k the Cleaver (level 10, -1/76 HPs)
             Began as a Human Artificer on Apr 6, 2020.
             Was an Initiate of Gozag.
             Killed from afar by an electric eel (12 damage)
             ... with a bolt of electricity
             ... on level 6 of the Dungeon on Apr 7, 2020.
             The game lasted 00:20:12 (10748 turns).

H0rd4k the Cleaver (Human Artificer)               Turns: 10748, Time: 00:20:13

Health: -1/76      AC:  9    Str: 16    XL:     10   Next: 88%
Magic:  31/31      EV: 15    Int: 11    God:    Gozag
Gold:   29         SH:  0    Dex: 14    Spells: 9/9 levels left

rFire    + . .     SeeInvis .   C - +3 hand axe of the Assorted Eyes {venom, +Fly}
rCold    . . .     Gourm    .   (no shield)
rNeg     . . .     Faith    .   M - +0 leather armour of Byofunne {rF+ Regen+ MP+9}
rPois    .         Spirit   .   s - +0 helmet
rElec    .         Reflect  .   H - +2 cloak
rCorr    .         Harm     .   t - +0 pair of gloves
MR       .....                  (no boots)
Stlth    ++........             (no amulet)
HPRegen  0.62/turn              (no ring)
MPRegen  0.22/turn              G - ring of magical power

@: no status effects
A: no striking features
a: Potion Petition, Call Merchant, Bribe Branch, Renounce Religion, Evoke Flight


You were on level 6 of the Dungeon.
You worshipped Gozag.
Gozag was noncommittal.
You were not hungry.

You visited 2 branches of the dungeon, and saw 10 of its levels.
You also visited: Sewer.

You collected 358 gold pieces.
You spent 201 gold pieces at shops.
You paid 128 gold pieces to Gozag.

Inventory:

Hand Weapons
 c - a +0 quarterstaff
 C - the +3 hand axe of the Assorted Eyes (weapon) {venom, +Fly}
   (You found it on level 4 of the Dungeon)

   It poisons the flesh of those it strikes.
   It lets you fly.
 J - the +1 hunting sling "Yqaaq" {venom, rF+, unknown}
   (You bought it in a shop on level 8 of the Dungeon)

   It poisons the ammo it fires.
   It protects you from fire.
Missiles
 m - 82 poisoned darts (quivered)
Armour
 b - a +0 leather armour
 s - a +0 helmet (worn)
 t - a +0 pair of gloves (worn)
 H - a +2 cloak (worn)
 M - the +0 leather armour of Byofunne (worn) {rF+ Regen+ MP+9}
   (You found it on level 7 of the Dungeon)

   It protects you from fire.
   It affects your magic capacity (+9).
   It increases your rate of regeneration.
Magical Staves
 d - an uncursed staff of power {unknown}
Jewellery
 F - a cursed -3 ring of dexterity {unknown}
 G - a ring of magical power (right hand)
 L - an uncursed amulet of magic regeneration {unknown}
Wands
 a - a wand of iceblast (4)
 e - a wand of random effects (7)
 l - a wand of digging (6)
Scrolls
 g - a scroll of immolation
 h - a scroll of fog {unknown}
 i - 8 scrolls of remove curse
 k - 5 scrolls of teleportation
 n - 6 scrolls of amnesia
 o - a scroll of noise {unknown}
 v - 2 scrolls of fear {unknown}
 w - 4 scrolls of enchant weapon {unknown}
 y - 2 scrolls of blinking {unknown}
 z - 2 scrolls of random uselessness {unknown}
 O - a scroll of identify
Potions
 j - 11 potions of curing
 p - 2 potions of lignification
 q - a potion of brilliance {unknown}
 r - a potion of mutation {unknown}
 u - a potion of degeneration {unknown}
 x - 4 potions of ambrosia
 A - 3 potions of magic
 B - a potion of heal wounds {unknown}
 D - 2 potions of flight
 E - 2 potions of haste
 I - a potion of might
 K - a potion of berserk rage
Comestibles
 f - 12 rations


   Skills:
 + Level 6.1 Fighting
   Level 2.5 Short Blades
 + Level 10.1 Axes
 + Level 1.0 Throwing
 + Level 4.3 Armour
 + Level 6.4 Dodging
 + Level 4.0 Stealth
 + Level 4.7 Evocations


You had 9 spell levels left.
You didn't know any spells.
Your spell library contained the following spells:

 Spells                   Type           Power        Failure   Level  Hunger
 Magic Dart               Conj           #...         38%         1    ##.....
 Searing Ray              Conj           #.....       54%         2    ###....
 Dazzling Spray           Conj/Hex       #.....       77%         3    ####...
 Force Lance              Conj/Tloc      #.......     99%         4    #####..
 Fulminant Prism          Conj/Hex       #.........   99%         4    #####..
 Iskenderun's Mystic Bla  Conj           #.......     99%         4    #####..
 Malign Gateway           Summ/Tloc      #.........   100%        7    #######
 Monstrous Menagerie      Summ           #.........   100%        7    #######
 Summon Greater Demon     Summ           #.........   100%        7    #######
 Summon Horrible Things   Summ           #.........   100%        8    #######


Dungeon Overview and Level Annotations

Branches:
Dungeon (9/15)             Temple (1/1) D:4           Sewer (visited)
   Lair: D:8-11         Orc: D:9-12

Altars:
Ashenzari
Cheibriados
Dithmenos
Elyvilon
Fedhas
Gozag
Hepliaklqana
Kikubaaqudgha
Makhleb
Nemelex Xobeh
Qazlal
Ru
Sif Muna
Trog
Uskayaw
Vehumet
Wu Jian
Xom
Yredelemnul
Zin
The Shining One

Shops:
D:4 =   D:5 *   D:6 %   D:8 (

Annotations:
D:2 exclusion: downstairs
D:3 3 runed translucent doors, Blodwynpig's ghost, amateur GrBe
D:6 exclusion: downstairs


Message History

The electric eel shoots out a bolt of lightning at you!
The bolt of electricity hits you!
The electric eel shoots out a bolt of lightning at you!
The bolt of electricity hits you. The bolt of electricity hits you!
The bolt of electricity hits the electric eel.
The electric eel completely resists.
The electric eel shoots out a bolt of lightning at you!
The bolt of electricity hits you!
* * * LOW HITPOINT WARNING * * *
You hit the electric eel.
The electric eel is poisoned.
The electric eel is lightly wounded.
The electric eel shoots out a bolt of lightning at you!
The bolt of electricity misses you. The bolt of electricity hits you!
* * * LOW HITPOINT WARNING * * *
The bolt of electricity hits the electric eel.
The electric eel completely resists.
The electric eel shoots out a bolt of lightning at you!
The bolt of electricity hits you!
You die...
Your body crumbles into a pile of gold.

### #....#.##########.# ..#
####.#.# #.# #.# #.#.# #.#
#.### #.#.# #.# #...#
#.#.###### #.# #.#.#
#.(......# #.# #...#
###.##...# #.#
....########..#..#.#####.#
###.............@...%..#.#
#.###.###.≈≈≈≈.;≈≈≈≈.#.#
##.##...##.≈≈≈≈.;≈≈≈≈...###
##..#.....#.≈≈≈≈.≈≈≈≈≈.....#
.).)(.......≈≈≈≈.≈≈≈≈≈.###.#
##..#.....#.≈≈≈≈.......# #.#
##..##............≈≈≈≈.# #.#
....###.##..≈≈≈≈≈.≈≈≈≈.# #.#
##.## #.##..≈≈≈≈≈.≈≈≈≈.# #.#


You could see 2 electric eels.

Vanquished Creatures
  Harold (D:7)
  A two-headed ogre (D:8)
  Grinder (Sewer)
  A yak (D:8)
  Edmund (D:5)
  2 water moccasins
  3 orc warriors
  2 sky beasts
  2 black bears
  An ice beast (D:8)
  4 ogres
  A wolf (D:8)
  3 phantoms
  A centaur (D:8)
  2 big kobolds (Sewer)
  4 bullfrogs (D:7)
  A wyvern skeleton (D:6)
  2 scorpions (D:6)
  An electric eel (D:8)
  A howler monkey (D:6)
  A crimson imp (D:5)
  2 quasits
  3 hounds
  4 orc wizards
  6 orc priests
  2 iguanas
  5 worker ants
  A big kobold zombie (Sewer)
  A hound zombie (D:7)
  Robin (D:2)
  3 gnolls (D:5)
  5 adders
  3 shadow imps (Sewer)
  2 white imps (D:8)
  2 ufetubi (Sewer)
  3 oozes
  2 adder skeletons (D:6)
  5 worms
  2 dart slugs
  An adder simulacrum (D:8)
  6 leopard geckos
  21 orcs
  A ball python (Sewer)
  6 giant cockroaches
  11 goblins
  13 hobgoblins
  9 jackals
  4 quokkas
  8 bats
  5 frilled lizards
  21 kobolds
  A leopard gecko skeleton (D:4)
  7 rats
202 creatures vanquished.

Vanquished Creatures (collateral kills)
  An iguana (D:4)
  An orc wizard (D:3)
  A worm (D:3)
  3 goblins (D:3)
6 creatures vanquished.

Vanquished Creatures (others)
  An orc (D:3)
1 creature vanquished.

Grand Total: 209 creatures vanquished

Notes
Turn   | Place    | Note
-------+----------+-------------------------------------------
     0 | D:1      | H0rd4k the Human Artificer began the quest for the Orb.
     0 | D:1      | Reached XP level 1. HP: 15/15 MP: 3/3
   429 | D:1      | Reached XP level 2. HP: 21/21 MP: 4/4
   673 | D:1      | Reached XP level 3. HP: 17/26 MP: 5/5
  1679 | D:3      | Found a radiant altar of Vehumet.
  1704 | D:3      | Found a runed translucent gate.
  1705 | D:3      | Found a runed translucent gate.
  1706 | D:3      | Found a runed translucent gate.
  1706 | D:3      | Noticed Blodwynpig's ghost (amateur GrBe)
  1855 | D:3      | Reached skill level 1 in Armour
  1855 | D:3      | Reached XP level 4. HP: 23/32 MP: 6/6
  1888 | D:3      | Noticed Robin
  3012 | D:2      | Killed Robin
  3012 | D:2      | Reached XP level 5. HP: 26/38 MP: 7/7
  3148 | D:3      | Found a shimmering altar of Xom.
  3544 | D:3      | Found a shadowy altar of Dithmenos.
  3545 | D:3      | Found a shattered altar of Ashenzari.
  3545 | D:3      | Found a basalt altar of Yredelemnul.
  3832 | D:4      | Got a crystal hand axe
  3833 | D:4      | Identified the +3 hand axe of the Assorted Eyes {venom,
                  | +Fly} (You found it on level 4 of the Dungeon)
  3879 | D:4      | Found a staircase to the Ecumenical Temple.
  3942 | D:4      | Noticed an ogre
  4020 | D:4      | Killed an ogre
  4020 | D:4      | Reached XP level 6. HP: 44/44 MP: 8/8
  4167 | D:4      | Found Ygreedun's Jewellery Emporium.
  4331 | D:5      | Entered Level 5 of the Dungeon
  4342 | D:5      | Found a glowing drain.
  4375 | Sewer    | Entered a sewer
  4466 | Sewer    | Reached skill level 1 in Throwing
  4470 | Sewer    | Reached skill level 1 in Axes
  4491 | Sewer    | Found an ancient bone altar of Kikubaaqudgha.
  4511 | Sewer    | Reached XP level 7. HP: 32/51 MP: 10/10
  4562 | Sewer    | Reached skill level 2 in Axes
  4693 | Sewer    | Noticed Grinder
  4707 | Sewer    | Killed Grinder
  4707 | Sewer    | Reached skill level 3 in Axes
  4966 | Sewer    | Reached skill level 4 in Axes
  4970 | Sewer    | Reached XP level 8. HP: 54/58 MP: 11/11
  5623 | D:5      | Noticed Edmund
  5745 | D:5      | Reached skill level 5 in Axes
  5984 | D:5      | Killed Edmund
  6016 | D:5      | Found Butwu's General Store.
  6302 | D:6      | Found a snail-covered altar of Cheibriados.
  6533 | D:6      | Reached skill level 6 in Axes
  6533 | D:6      | Reached XP level 9. HP: 37/65 MP: 12/12
  6561 | D:6      | Found an ornate altar of the Wu Jian Council.
  6638 | D:6      | Found Ziack's Food Shoppe.
  7363 | Temple   | Entered the Ecumenical Temple
  7964 | D:6      | Reached skill level 7 in Axes
  8374 | D:7      | Noticed Harold
  8379 | D:7      | Reached skill level 5 in Dodging
  8629 | D:7      | Reached skill level 5 in Fighting
  8875 | D:7      | Found a sacrificial altar of Ru.
  8998 | D:8      | Reached skill level 8 in Axes
  9014 | D:8      | Reached XP level 10. HP: 38/74 MP: 13/13
  9270 | D:8      | Found Ceiharph's Antique Weapon Shop.
  9273 | D:8      | Bought an ancient hunting sling for 201 gold pieces
  9338 | D:8      | Noticed a two-headed ogre
  9372 | D:8      | HP: 1/74 [two-headed ogre/+0 giant spiked club (32)]
  9384 | D:8      | Killed a two-headed ogre
  9384 | D:8      | Reached skill level 9 in Axes
  9751 | D:8      | Found a burning altar of Makhleb.
  9751 | D:8      | Noticed a green death
  9754 | D:8      | Noticed an orange demon
  9816 | D:8      | Found a glowing golden altar of the Shining One.
 10269 | D:7      | Got a crude leather armour
 10280 | D:7      | Identified the +0 leather armour of Byofunne {rF+ Regen+
                  | MP+9} (You found it on level 7 of the Dungeon)
 10392 | D:7      | Killed Harold
 10392 | D:7      | Reached skill level 10 in Axes
 10690 | D:7      | Found an opulent altar of Gozag.
 10691 | D:7      | Found a white marble altar of Elyvilon.
 10697 | D:7      | Became a worshipper of Gozag Ym Sagoz the Greedy
 10748 | D:6      | Killed from afar by an electric eel

Levels and vault maps discovered:
D:1:      roderic_chinese_lattice_arrival, layout_loops_ring
D:2:      layout_loops_ring
D:3:      layout_basic, lemuel_doored_altar, overflow_temple_1_default,
          gammafunk_temple_overflow_claw, ebering_ghost_rock_garden,
          kennysheep_nub, kennysheep_donut, uniq_robin
D:4:      layout_loops_ring, minmay_temple_entry_offerings, serial_shops,
          kennysheep_mini_moat
D:5:      layout_loops_cross, cheibrodos_sewer_entry_drain, serial_shops,
          nicolae_shop_crystal, first_ration, uniq_edmund
D:6:      layout_loops_ring, kennysheep_mini, serial_shops, shop, minivault_14,
          kennysheep_slug_shrine
D:7:      layout_gridville, gammafunk_temple_overflow_pools,
          kennysheep_little_box, uniq_harold
D:8:      layout_loops_ring, lemuel_crystal_altar, serial_shops, shop,
          serial_ice, serial_ice_l, serial_ice_h, serial_ice_c, serial_ice_a,
          grunt_pizzeria, makhleb_altar_promises_db
D:9:      layout_rooms, lemuel_round_altar, lemuel_centaur_altar
Temple:   cyrus_temple_forest

Skill      XL: |  1  2  3  4  5  6  7  8  9 10 |
---------------+-------------------------------+-----
Armour         | 1 2 3 4 |  4.3
Fighting       | 2 3 4 5 6 |  6.1
Short Blades   | 2 |  2.5
Dodging        | 3 4 5 6 |  6.4
Evocations     | 4 |  4.7
Throwing       | 1 |  1.0
Axes           | 1 4 6 8 10 | 10.1
Stealth        | 2 3 4 |  4.0

Action                   |  1- 3 |  4- 6 |  7- 9 | 10-12 || total
-------------------------+-------+-------+-------+-------++-------
Melee: Short sword       |   157 |   178 |       |       ||   335
       Hand axe          |       |    68 |   342 |   131 ||   541
Throw: Dart              |       |    11 |       |       ||    11
Evoke: Wand              |    12 |    13 |    13 |     7 ||    45
  Use: Scroll            |       |       |    10 |     1 ||    11
       Potion            |       |       |       |     1 ||     1
 Stab: Sleeping          |       |     3 |     3 |     1 ||     7
       Distracted        |       |       |     1 |       ||     1
  Eat: Chunk             |     1 |     7 |    11 |     6 ||    25
       Ration            |     1 |       |     1 |       ||     2
Armor: Leather armour    |    43 |    46 |   109 |    36 ||   234
Dodge: Dodged            |   107 |   151 |   256 |    73 ||   587
